 Dungeon Crawl Stone Soup version 0.25-b1-39-g0d900dab71 (webtiles) character file.

Game seed: 13884927175274374580

440 diana the Skirmisher (level 6, 0/66 HPs)
             Began as a Demonspawn Fighter on June 7, 2020.
             Was an Initiate of Makhleb.
             Slain by Dowan
             ... wielding a +1 dagger of electrocution
              (15 damage)
             ... on level 3 of the Dungeon.
             The game lasted 00:03:51 (3326 turns).

diana the Skirmisher (Demonspawn Fighter)           Turns: 3326, Time: 00:03:52

Health: 0/66       AC: 23    Str: 18    XL:     6   Next: 70%
Magic:  6/6        EV:  2    Int: 10    God:    Makhleb [......]
Gold:   206        SH:  9    Dex: 12    Spells: 5/5 levels left

rFire    . . .     SeeInvis .   a - +0 war axe
rCold    . . .     Gourm    .   c - +0 kite shield
rNeg     + + +     Faith    .   (armour currently unavailable)
rPois    +         Spirit   .   (helmet currently unavailable)
rElec    .         Reflect  .   (cloak currently unavailable)
rCorr    .         Harm     .   (gloves currently unavailable)
MR       .....     Clarity  +   (boots currently unavailable) Stlth +.........NoTele +
                                (no amulet)
HPRegen  0.21/turn              (no ring)
MPRegen  0.10/turn              (no ring)

@: tree-form
A: clarity, demonic guardian 1, frail 1, MP-powered wands
a: Renounce Religion


You were on level 3 of the Dungeon.
You worshipped Makhleb.
Makhleb was noncommittal.
You were not hungry.
You were a tree.
You visited 1 branch of the dungeon, and saw 4 of its levels.

You collected 206 gold pieces.

Inventory:

Hand Weapons
 a - a +0 war axe (weapon)
Missiles
 g - a throwing net (quivered)
Armour
 c - a +0 kite shield (worn)
 h - a +3 ring mail (melded)
Jewellery
 k - an uncursed ring of protection from fire
Wands
 b - a wand of flame (8)
Scrolls
 i - a scroll of magic mapping {unknown}
 j - a scroll of amnesia {unknown}
 l - 2 scrolls of identify {unknown}
 m - a scroll of teleportation {unknown}
 n - 2 scrolls of remove curse {unknown}
Potions
 d - a potion of might
 e - a potion of haste
Comestibles
 f - 5 rations


   Skills:
 + Level 4.5 Fighting
 + Level 3.5 Axes
 + Level 4.1 Armour
 + Level 4.1 Shields
 + Level 1.3 Invocations


You had 5 spell levels left.
You didn't know any spells.
Your spell library was empty.

Dungeon Overview and Level Annotations

Branches:
Dungeon (4/15)
 Temple: D:4-7

Altars:
Gozag
Kikubaaqudgha
Makhleb
Trog
Uskayaw
Zin

Annotations:
D:3 Dowan


Innate Abilities, Weirdness & Mutations

((You have a pair of small horns on your head.))
((You have sharp toenails.))
A weak demonic guardian rushes to your aid.
You possess an exceptional clarity of mind.
You are frail. (-10% HP)
You expend magic power (3 MP) to strengthen your wands.


Message History

Dowan zaps a wand.
You resist with some effort.
Your quasit barely misses Dowan.
Your quasit claws Dowan.
Your quasit closely misses Dowan.
Dowan hits you but does no damage.
You are electrocuted!
* * * LOW HITPOINT WARNING * * *
Your quasit closely misses Dowan. x2; Your quasit claws Dowan.
You hit Dowan.
Dowan is moderately wounded.
Dowan zaps a wand.
You resist with some effort.
Your quasit barely misses Dowan.
Your quasit completely misses Dowan.
Your quasit closely misses Dowan.
You block Dowan's attack.
Your quasit completely misses Dowan.
Your quasit barely misses Dowan. x2
You hit Dowan but do no damage.
Dowan is moderately wounded.
Dowan says, "How can I live without her?"
Dowan zaps a wand.
You resist with some effort.
Your quasit closely misses Dowan.
Your quasit claws Dowan.
Your quasit claws Dowan but does no damage.
Dowan hits you but does no damage.
You are electrocuted!
You die...

#.## #.......##.##.#.# #.#
####.#####.##.#.# #.####
#....##....#÷# #....#
######.##..###.# ####.#
#..........###.### #.#
#>#)##..#........# # #.#
#.#.##..#..#####.#
#########
#.###.#........#####.##
........#
#.....♣5.##.#..##......
........#
#####.#e###.#..##.##.##
.######.#
#..........##.##.# ## #.#
##...#####.......## # #.#
#...# ###...##.. # #.##
#...#######.#....# # #.(#
#...##..)((...##.. ##
#..#######...##.#####.####.
.# #..#...............##.#
###


You could see Dowan (fast) and a friendly quasit (summoned).

Vanquished Creatures
  Duvessa (D:3)
  A centaur (D:3)
  Ijyb (D:3)
  Robin (D:3)
  3 adders (D:2)
  An ooze (D:1)
  2 worms
  A dart slug (D:2)
  A leopard gecko (D:2)
  An orc (D:3)
  7 bats
  5 giant cockroaches
  21 goblins
  7 hobgoblins
  6 jackals
  A quokka (D:2)
  A ball python (D:3)
  3 frilled lizards
  3 kobolds
  A quokka skeleton (D:4)
  5 rats
73 creatures vanquished.

Vanquished Creatures (collateral kills)
  Grinder (D:3)
  A goblin (D:3)
2 creatures vanquished.

Grand Total: 75 creatures vanquished

Notes
Turn   | Place    | Note
-------+----------+-------------------------------------------
     0 | D:1      | diana the Demonspawn Fighter began the quest for the Orb.
     0 | D:1      | Reached XP level 1. HP: 18/18 MP: 1/1
   565 | D:1      | Gained mutation: You have sharp toenails. [demonic
                  | ancestry]
   565 | D:1      | Reached XP level 2. HP: 24/24 MP: 2/2
   904 | D:2      | Gained mutation: A weak demonic guardian rushes to your
                  | aid. [demonic ancestry]
   904 | D:2      | Reached XP level 3. HP: 29/29 MP: 3/3
  1119 | D:2      | Reached XP level 4. HP: 28/35 MP: 4/4
  1824 | D:3      | Found a burning altar of Makhleb.
  1832 | D:3      | Became a worshipper of Makhleb the Destroyer
  1884 | D:3      | Noticed a centaur
  1897 | D:3      | Killed a centaur
  1897 | D:3      | Gained mutation: You have a pair of small horns on your
                  | head. [demonic ancestry]
  1897 | D:3      | Reached XP level 5. HP: 11/42 MP: 5/5
  2206 | D:3      | Noticed Ijyb
  2214 | D:3      | Gained mutation: You possess an exceptional clarity of
                  | mind. [potion of mutation]
  2214 | D:3      | Gained mutation: You are frail. (-10% HP) [potion of
                  | mutation]
  2214 | D:3      | Gained mutation: You expend magic power (3 MP) to
                  | strengthen your wands. [potion of mutation]
  2221 | D:3      | Killed Ijyb
  2549 | D:3      | Found a glowing silver altar of Zin.
  2558 | D:3      | Found a hide-covered altar of Uskayaw.
  2561 | D:3      | Found an opulent altar of Gozag.
  2582 | D:3      | Found a bloodstained altar of Trog.
  2586 | D:3      | Found an ancient bone altar of Kikubaaqudgha.
  2658 | D:3      | Noticed Grinder
  2684 | D:3      | Killed Grinder
  2684 | D:3      | Reached XP level 6. HP: 21/44 MP: 6/6
  2989 | D:3      | Noticed Robin
  3004 | D:3      | Killed Robin
  3299 | D:4      | Noticed Duvessa
  3303 | D:4      | Noticed Dowan
  3319 | D:3      | Killed Duvessa
  3319 | D:3      | Reached skill level 1 in Invocations
  3326 | D:3      | Slain by Dowan

Illustrated notes

Levels and vault maps discovered:
D:1:      dpeg_arrival_radiant, layout_basic, serial_forest,
          infiniplex_forest_clump_small, infiniplex_forest_clump_double,
          infiniplex_forest_straight_3, infiniplex_forest_straight_3,
          infiniplex_forest_straight_2
D:2:      layout_loops_cross, first_ration, kennysheep_path_1,
          hangedman_abyss_or_decor_lesser_grid, minmay_fountain_box
D:3:      layout_loops_cross, minmay_overflow_temple_star_hex, bloody_makhleb,
          uniq_grinder, uniq_ijyb, uniq_robin
D:4:      layout_loops_cross, fedhas_altar_1, uniq_duvessa

Skill      XL: |  1  2  3  4  5  6 |
---------------+-------------------+-----
Axes           | 2 3 |  3.5
Armour         | 3 4 |  4.1
Shields        | 3 4 |  4.1
Fighting       | 4 |  4.5
Invocations    | 1 |  1.3

Action                   |  1- 3 |  4- 6 || total
-------------------------+-------+-------++-------
Melee: War axe           |    81 |    96 ||   177
       Kick              |    14 |    24 ||    38
       Headbutt          |       |    10 ||    10
  Use: Potion            |       |     3 ||     3
 Stab: Distracted        |       |     1 ||     1
  Eat: Chunk             |     1 |     3 ||     4
       Ration            |       |     1 ||     1
Armor: Scale mail        |    26 |       ||    26
       Ring mail         |     7 |    38 ||    45
       Skin              |       |     1 ||     1
Dodge: Dodged            |    35 |    46 ||    81
Block: Kite shield       |    43 |    53 ||    96
